 Dungeon Sprint DCSS version bcrawl-1.21.2-1-g32d02e0829 (webtiles) character file.

Game seed: 9946545490834394538

113 Groucho the Covered (level 4, -4/45 HPs)
             Began as a Sand Dwarf Fighter on Feb 22, 2020.
             Was an Initiate of Cheibriados.
             Slain by a white ugly thing (8 damage)
             ... in the Dungeon (Sprint IX: "|||||||||||||||||||||||||||||").
             The game lasted 00:01:48 (148 turns).

Groucho the Covered (Sand Dwarf Fighter)             Turns: 148, Time: 00:01:48

Health: -4/45      AC: 11    Str: 22    XL:     4   Next: 96%
Magic:  4/4        EV:  9    Int: 11    God:    Cheibriados [......]
Gold:   0          SH: 10    Dex: 12    Spells: 3/3 levels left

rFire    . . .     SeeInvis +   p - +3 war axe of Doom {chop, Int+2 SInv}
rCold    . . .     Gourm    .   c - +0 shield
rNeg     . . .     Faith    .   s - +1 scale mail
rPois    .         Spirit   .   r - +0 helmet
rElec    .         Reflect  .   (no cloak)
rCorr    .         Harm     .   (no gloves)
MR       .....     NoTele   +   a - +0 pair of boots
Stlth    ..........             (no amulet)
HPRegen  0.15/turn              (no ring)
MPRegen  0.09/turn              (no ring)

@: very slightly contaminated, invisible, very slow
A: small, slowness 1, armour attunement
a: Bend Time, Renounce Religion


You were in the Dungeon.
You worshipped Cheibriados.
Cheibriados was noncommittal.
You were not hungry.

You visited 1 branch

Inventory:

Hand Weapons
 p - the +3 war axe of Doom (weapon) {chop, Int+2 SInv}
   (You found it in the Dungeon)

   It inflicts extra damage upon your enemies.
   It affects your intelligence (+2).
   It lets you see invisible.
 q - a +4 quarterstaff of crushing
Armour
 a - a +0 pair of boots (worn)
 c - a +0 shield (worn)
 r - a +0 helmet (worn)
 s - a +1 scale mail (worn)
Jewellery
 b - a +3 ring of intelligence
 t - a +3 ring of intelligence
Wands
 o - a wand of acid (10)
Scrolls
 k - 2 scrolls of blinking
 m - 3 scrolls of remove curse
 n - 2 scrolls of amnesia
Potions
 d - a potion of might
 h - a potion of haste
 i - 4 potions of magic
 j - a potion of berserk rage
 l - 4 potions of curing
Comestibles
 e - a ration {!d}


   Skills:
 + Level 6.5 Fighting
 + Level 5.9 Axes
 + Level 6.5 Armour
 + Level 5.4 Shields
 + Level 1.1 Invocations


You had 3 spell levels left.
You didn't know any spells.
Your spell library was empty.

Dungeon Overview and Level Annotations

Branches:
Dungeon (1/1)

Altars:
Cheibriados
Dithmenos
Elyvilon
Fedhas
Gozag
Hepliaklqana
Kikubaaqudgha
Lugonu
Makhleb
Nemelex Xobeh
Okawaru
Qazlal
Ru
Sif Muna
Trog
Uskayaw
Vehumet
Wu Jian
Xom
Yredelemnul
Zin
The Shining One
Beogh
Jiyva


Innate Abilities, Weirdness & Mutations

You are small and have problems with some larger weapons.
You cover ground slowly.
Armour does not affect your spellcasting.


Message History

* * * LOW HITPOINT WARNING * * *
You fade into invisibility!
The white ugly thing barely misses you.
You are very lightly contaminated with residual magic.
You feel much better. The white ugly thing barely misses you.
You barely miss the white ugly thing. The white ugly thing trunk-slaps you.
The white ugly thing freezes you!
* * * LOW HITPOINT WARNING * * *
You hit the white ugly thing.
The white ugly thing is lightly wounded.
You block the white ugly thing's attack.
No path to travel!
You feel much better. The white ugly thing trunk-slaps you.
The white ugly thing freezes you!!
Ouch! That really hurt!
* * * LOW HITPOINT WARNING * * *
You slash the white ugly thing!
The white ugly thing is moderately wounded.
The white ugly thing trunk-slaps you!
You die...

▓.▓
▓.▓
▓|▓
▓)▓
▓.▓
▓.▓
▓.▓
▓[▓
▓@▓
▓u▓
▓O▓
▓S▓
▓z▓
▓Z▓
▓.▓
▓.▓


You could see a white ugly thing, a two-headed ogre, a wight, an adder and a
ball python skeleton.

Vanquished Creatures
  A scorpion (D)
  An orc wizard (D)
  A worker ant (D)
  2 orcs (D)
  A bat (D)
  2 goblins (D)
  A hobgoblin (D)
  A kobold (D)
  A quokka (D)
11 creatures vanquished.

Notes
Turn   | Place    | Note
-------+----------+-------------------------------------------
     0 | D        | Groucho the Sand Dwarf Fighter began the quest for the Orb.
     0 | D        | Reached XP level 1. HP: 19/19 MP: 1/1
    25 | D        | Reached XP level 2. HP: 27/27 MP: 2/2
    29 | D        | Noticed a scorpion
    41 | D        | Killed a scorpion
    41 | D        | Reached skill level 5 in Fighting
    41 | D        | Reached skill level 5 in Axes
    41 | D        | Reached skill level 5 in Armour
    41 | D        | Reached XP level 3. HP: 37/37 MP: 3/3
    41 | D        | Reached XP level 4. HP: 44/44 MP: 4/4
    47 | D        | Reached skill level 5 in Shields
    55 | D        | Found a roughly hewn altar of Beogh.
    55 | D        | Found a snail-covered altar of Cheibriados.
    55 | D        | Found a shadowy altar of Dithmenos.
    55 | D        | Found a white marble altar of Elyvilon.
    55 | D        | Found a blossoming altar of Fedhas.
    55 | D        | Found an opulent altar of Gozag.
    56 | D        | Found a hazy altar of Hepliaklqana.
    57 | D        | Found a viscous altar of Jiyva.
    58 | D        | Found an ancient bone altar of Kikubaaqudgha.
    59 | D        | Became a worshipper of Cheibriados the Contemplative
    60 | D        | Found a corrupted altar of Lugonu.
    61 | D        | Found a burning altar of Makhleb.
    62 | D        | Found a sparkling altar of Nemelex Xobeh.
    63 | D        | Found an iron altar of Okawaru.
    64 | D        | Found a stormy altar of Qazlal.
    65 | D        | Found a sacrificial altar of Ru.
    66 | D        | Found a shimmering blue altar of Sif Muna.
    67 | D        | Found a bloodstained altar of Trog.
    68 | D        | Found a hide-covered altar of Uskayaw.
    69 | D        | Found a radiant altar of Vehumet.
    70 | D        | Found an ornate altar of the Wu Jian Council.
    71 | D        | Found a shimmering altar of Xom.
    72 | D        | Found a basalt altar of Yredelemnul.
    73 | D        | Found a glowing silver altar of Zin.
    74 | D        | Found a glowing golden altar of the Shining One.
    91 | D        | Got the +3 war axe of Doom {chop, Int+2 SInv}
   136 | D        | Noticed a white ugly thing
   136 | D        | Noticed a two-headed ogre
   139 | D        | Reached skill level 1 in Invocations
   148 | D        | Slain by a white ugly thing

Skill      XL: |  1  2  3  4 |
---------------+-------------+-----
Fighting       | 4 5 6 |  6.5
Armour         | 4 5 6 |  6.5
Axes           | 3 5 |  5.9
Shields        | 4 5 |  5.4
Invocations    | 1 |  1.1

Action                   |  1- 3 |  4- 6 || total
-------------------------+-------+-------++-------
Melee: War axe           |    31 |    14 ||    45
  Use: Potion            |       |     5 ||     5
Armor: Scale mail        |    12 |     7 ||    19
Dodge: Dodged            |    12 |     3 ||    15
Block: Shield            |    22 |     5 ||    27
